Cogmind - Beta 11 @@@ ROGUE MODE // 2022.04.18 @ 14:33:07 Player: Leonulf Result: Destroyed by G-47 Trooper with Particle Gun Performance ------------- Evolutions (2) 1000 Regions Visited (4) 800 Robots Destroyed (41) 205 Value Destroyed (1021) 1021 Prototype IDs (2) 40 Alien Tech Used (0) 0 Bonus (87) 87 TOTAL SCORE: 3153 Bonus ------- High Alert Combat Kills 87 Cogmind --------- Core Integrity 0/550 Matter 396/400 Energy 140/140 System Corruption 0% Temperature Cool (20) Movement Core (400) Ox7 Location -8/Materials Parts ------- > --- POWER (1) -------- Light Deuterium Engine > --- PROPULSION (4) --- (None) > --- UTILITY (4) ------ Medium Storage Unit Medium Matter Pod Improved Signal Interpreter > --- WEAPON (2) ------- Flak Cannon > --- INVENTORY (10) --- Light Nuclear Core Medium Storage Unit Improved Signal Interpreter Improved Signal Interpreter Improved Targeting Computer ECM Suite Particle Gun Spread Laser Welding Torch Peak State ------------ > --- POWER ------------ Deuterium Engine > --- PROPULSION ------- Advanced Treads Advanced Treads Advanced Treads Advanced Treads > --- UTILITY ---------- Medium Storage Unit Medium Matter Pod Compact Matter Pod Targeting Computer > --- WEAPON ----------- Improved Assault Rifle Light Cannon > --- INVENTORY -------- Light Deuterium Engine Light Treads Medium Storage Unit Compact Battery Improved Signal Interpreter Improved Signal Interpreter EM Shotgun Spread Laser Improved Assault Rifle Light Cannon [Rating: 27] Favorites ----------- Power Ion Engine Engine Ion Engine Propulsion Advanced Treads Treads Advanced Treads Leg Aluminum Leg Wheel Compact Wheel Utility Medium Matter Pod Storage Medium Matter Pod Processor Targeting Computer Protection Improved Light Armor Plating Weapon Light Cannon Energy Gun EM Pulse Gun Ballistic Gun Light Assault Rifle Ballistic Cannon Light Cannon Launcher Missile Launcher Build | -11 -10 -10 -9 -8 ------- Run | Scr Mat Min Mat Mat Slots Evolved 4 | . . . 2 2 Power . | . . . . . Propulsion 2 | . . . 1 1 Utility 2 | . . . 1 1 Weapon . | . . . . . Parts Attached 48 | 7 2 4 13 22 Power 9 | 1 . 1 3 4 Engine 9 | 1 . 1 3 4 Core . | . . . . . Reactor . | . . . . . Propulsion 15 | 3 1 . 4 7 Treads 5 | . . . 3 2 Leg 9 | 2 1 . 1 5 Wheel 1 | 1 . . . . Hover . | . . . . . Flight . | . . . . . Utility 10 | 1 1 1 3 4 Device . | . . . . . Storage 5 | 1 . . 1 3 Processor 2 | . . . 1 1 Hackware . | . . . . . Protection 3 | . 1 1 1 . Artifact . | . . . . . Weapon 14 | 2 . 2 3 7 Energy Gun 1 | 1 . . . . Energy Cannon . | . . . . . Ballistic Gun 6 | 1 . 1 . 4 Ballistic Cannon 6 | . . 1 3 2 Launcher 1 | . . . . 1 Special Weapon . | . . . . . Impact Weapon . | . . . . . Slashing Weapon . | . . . . . Piercing Weapon . | . . . . . Special Melee Weapon . | . . . . . Unidentified Prototypes 1 | . . . . 1 Parts Lost 21 | . . . . 21 Power 3 | . . . . 3 Propulsion 9 | . . . . 9 Utility 3 | . . . . 3 Weapon 6 | . . . . 6 Highest Loss Streak 9 | . . . . 9 To Critical Strikes 1 | . . . . 1 Average Slot Usage (%) 87 | . 93 99 98 79 Engine 9 | . 14 13 11 6 Treads 14 | . . . 15 19 Leg 13 | . 28 28 17 5 Storage 20 | . 14 14 21 22 Processor 3 | . . . . 6 Protection 4 | . 7 14 10 . Energy Gun 2 | . 14 13 . . Ballistic Gun 8 | . 14 14 1 9 Ballistic Cannon 9 | . . . 20 7 Naked Turns . | . . . . . Heaviest Build 30 | 11 14 20 30 28 Greatest Support 88 | 20 20 20 66 88 Greatest Overweight (x) 9 | 3 . . 9 7 Average Overweight (x) . | . . . . . Largest Inventory Capacity 10 | 8 8 8 8 10 Average Capacity 8 | 7 8 8 8 9 Most Carried 10 | 6 8 8 8 10 Average Carried 8 | 4 7 7 7 9 Final Capacity 10 | 8 8 8 8 10 Final Carried 9 | 5 8 6 7 9 Class Distribution -------------------- 88% | Mutant 11% | Scavenger-Mutant Dominant Class ---------------- Mutant | -10/Materials Mutant | -10/Mines Mutant | -9/Materials Mutant | -8/Materials Resources | -11 -10 -10 -9 -8 ----------- Run | Scr Mat Min Mat Mat Matter Collected 1348 | 236 52 29 358 673 Remotely . | . . . . . Salvage Created 877 | . 69 29 211 568 Parts 66 | . 3 3 13 47 Haulers Intercepted . | . . . . . Recyclers Shooed . | . . . . . Parts Field Recycled . | . . . . . Retrieved Matter . | . . . . . Parts Self-Destructed . | . . . . . Prevented . | . . . . . Kills | -11 -10 -10 -9 -8 ------- Run | Scr Mat Min Mat Mat Combat Hostiles Destroyed 35 | . 1 2 10 22 Guns 15 | . 1 2 . 12 Cannons 19 | . . . 10 9 AOE 1 | . . . . 1 Classes Destroyed 10 | . 2 1 2 5 Worker 2 | . . . . 2 Builder 1 | . . . . 1 Tunneler 1 | . . . . 1 Watcher 2 | . 1 . . 1 Swarmer 18 | . . 2 3 13 Grunt 9 | . 1 . 4 4 Duelist 1 | . . . 1 . Sentry 3 | . . . 2 1 Specialist 3 | . . . . 3 Hunter 1 | . . . . 1 Best Kill Streak 6 | . 2 2 3 6 Combat Bots Only 5 | . 1 2 3 5 Max Kills in Single Turn 2 | . 1 1 2 2 Gunslinging . | . . . . . Exploded 1 | . . . . 1 Melee . | . . . . . Uniques/NPCs Destroyed . | . . . . . Combat | -11 -10 -10 -9 -8 -------- Run | Scr Mat Min Mat Mat Damage Taken 3510 | . 42 184 430 2854 Core 590 | . . 7 29 554 Absorbed by Shields . | . . . . . Core Remaining (%) 96 | 100 . 97 92 . Volleys Fired 107 | . 8 11 21 67 Largest 2 | . 2 2 2 2 Hottest 79 | . 60 60 79 64 Shots Fired 213 | . 16 22 42 133 Gun 117 | . 16 22 . 79 Cannon 94 | . . . 42 52 Launcher 2 | . . . . 2 Special . | . . . . . Kinetic 192 | . 8 11 42 131 Thermal . | . . . . . Explosive 2 | . . . . 2 Electromagnetic 19 | . 8 11 . . Robot Hit Streak 15 | . 3 3 9 15 Robot Miss Streak 5 | . 4 4 5 4 Penetration Max . | . . . . . Secondary Targets . | . . . . . Shots Hit Robots 141 | . 8 9 30 94 Core Hits 81 | . 3 2 24 52 Critical Kills . | . . . . . Critical Parts Destroyed . | . . . . . Critical Strikes 4 | . . 1 2 1 Blast 3 | . . . 2 1 Corrupt 1 | . . 1 . . Melee Attacks . | . . . . . Impact . | . . . . . Slashing . | . . . . . Piercing . | . . . . . Sneak Attacks . | . . . . . Combat Hostiles . | . . . . . Follow-up Attacks . | . . . . . Damage Inflicted 2588 | . 129 155 564 1740 Guns 1085 | . 129 96 . 860 Cannons 1247 | . . . 564 683 Explosions 228 | . . 59 . 169 Melee . | . . . . . Ramming 28 | . . . . 28 Kinetic 2178 | . 31 40 564 1543 Thermal 59 | . . 59 . . Explosive 169 | . . . . 169 Electromagnetic 154 | . 98 56 . . Impact . | . . . . . Slashing . | . . . . . Piercing . | . . . . . Highest Corruption . | . . . . . Average Corruption . | . . . . . Corruption Purged . | . . . . . Corruption Blocked . | . . . . . Overload Shots . | . . . . . Overflow Damage 3 | . . 3 . . Projectiles . | . . . . . Explosions 3 | . . 3 . . Melee . | . . . . . Knockbacks 35 | . . . 17 18 Impact 1 | . . . . 1 Kinetic 32 | . . . 17 15 Secondary 2 | . . . . 2 Self-Inflicted Damage 57 | . . 4 . 53 Shots 2 | . . 1 . 1 Rammed 1 | . . . . 1 Targets Rammed 6 | . . . . 6 Kicked 5 | . . . . 5 Crushed . | . . . . . Highest Temperature 156 | . 115 90 156 52 Average Temperature 43 | . 63 33 55 12 Received Heat Transfer 678 | . 24 . 60 594 Siege Activations . | . . . . . Robots Corrupted . | . . . . . Combat Hostiles . | . . . . . Parts Fried 1 | . 1 . . . Impact Corruptions . | . . . . . Robots Melted . | . . . . . Combat Hostiles . | . . . . . Parts Melted . | . . . . . Heat Transferred 100 | . . 100 . . Parts Sabotaged . | . . . . . Parts Stolen . | . . . . . Parts Stripped . | . . . . . Power Chain Reactions 1 | . . 1 . . Missiles Intercepted . | . . . . . Alert | -11 -10 -10 -9 -8 ------- Run | Scr Mat Min Mat Mat Peak Influence 529 | . 42 85 328 529 Initial 138 | . . 16 33 138 Average 236 | . 15 29 131 395 Maximum Alert Level 2 | . . . 1 2 Low Security (%) 49 | 100 100 100 75 12 Level 1 16 | . . . 24 21 Level 2 34 | . . . . 66 Level 3 . | . . . . . Level 4 . | . . . . . Level 5 . | . . . . . High Security . | . . . . . Max Security . | . . . . . Squads Dispatched 7 | . 1 . 1 5 Investigation 2 | . . . 1 1 Extermination . | . . . . . Reinforcement 5 | . 1 . . 4 Assault . | . . . . . Garrison . | . . . . . Intercept . | . . . . . Searches Triggered . | . . . . . Construction Impeded . | . . . . . Haulers Reinforced . | . . . . . Active Scanning Responses . | . . . . . Cargo Convoy Interrupts . | . . . . . Stealth | -11 -10 -10 -9 -8 --------- Run | Scr Mat Min Mat Mat Distress Signals 3 | . 1 . . 2 Communications Jammed . | . . . . . Distress Signals . | . . . . . Times Spotted 53 | . 3 3 12 35 Peak Tracking Total 6 | . 3 3 4 6 Tactical Retreats 5 | . . . . 5 Traps | -11 -10 -10 -9 -8 ------- Run | Scr Mat Min Mat Mat Traps Triggered 4 | . . 1 2 1 Indirectly . | . . . . . Trap Hack Attempts . | . . . . . Triggered . | . . . . . Disarmed . | . . . . . Reprogrammed . | . . . . . Reused . | . . . . . Traps Extracted . | . . . . . Installed . | . . . . . Triggered 1 | . . 1 . . Machines | -11 -10 -10 -9 -8 ---------- Run | Scr Mat Min Mat Mat Machines Disabled 2 | . . . . 2 Max in Single Turn 1 | . . . . 1 Machines Sabotaged . | . . . . . Garrisons Compromised . | . . . . . Overloaded Fab Kills . | . . . . . Hacking | -11 -10 -10 -9 -8 --------- Run | Scr Mat Min Mat Mat Machines Accessed 5 | . 1 1 1 2 Terminals 2 | . . . 1 1 Fabricators . | . . . . . Repair Stations . | . . . . . Recycling Units 1 | . 1 . . . Scanalyzers 1 | . . . . 1 Garrison Access . | . . . . . Total Hacks 9 | . 4 1 1 3 Successful 8 | . 3 1 1 3 Failed 1 | . 1 . . . Catastrophic . | . . . . . Database Lockouts . | . . . . . Manual 1 | . . . . 1 Terminals 2 | . . . 1 1 Fabricators . | . . . . . Repair Stations . | . . . . . Recycling Units 4 | . 4 . . . Scanalyzers 2 | . . . . 2 Garrison Access . | . . . . . Terminal Hacks 3 | . . 1 1 1 Open Door 1 | . . 1 . . Level Access Points 1 | . . . . 1 Emergency Access Points 1 | . . . 1 . Fabricator Hacks . | . . . . . Repair Station Hacks . | . . . . . Recycling Unit Hacks 3 | . 3 . . . Process 1 | . 1 . . . Report Inventory 1 | . 1 . . . Retrieve Components 1 | . 1 . . . Scanalyzer 2 | . . . . 2 Insert Component 1 | . . . . 1 Analyze 1 | . . . . 1 Garrison Access Hacks . | . . . . . Unauthorized Hacks . | . . . . . Terminals . | . . . . . Fabricators . | . . . . . Repair Stations . | . . . . . Recycling Units . | . . . . . Scanalyzers . | . . . . . Garrison Access . | . . . . . Data Cores Recovered . | . . . . . Used . | . . . . . Hacking Detections 3 | . 1 . 1 1 Full Trace Events 1 | . 1 . . . Feedback Events . | . . . . . Feedback Blocked . | . . . . . Robot Schematics Acquired . | . . . . . Robots Built . | . . . . . Authchips . | . . . . . Time . | . . . . . Total Robot Build Rating . | . . . . . Part Schematics Acquired . | . . . . . Parts Built . | . . . . . Authchips . | . . . . . Time . | . . . . . Total Part Build Rating . | . . . . . Parts Repaired . | . . . . . Time . | . . . . . Parts Recycled . | . . . . . Recycled Matter 7 | . 7 . . . Retrieved Matter . | . . . . . Retrieved Components . | . . . . . Parts Scanalyzed 1 | . . . . 1 Part Schematics Acquired . | . . . . . Parts Damaged . | . . . . . Bothacking | -11 -10 -10 -9 -8 ------------ Run | Scr Mat Min Mat Mat Used RIF Installer . | . . . . . Robots Hacked . | . . . . . Non-combat . | . . . . . Combat . | . . . . . Robot Hacks Applied . | . . . . . Relay Couplers Released . | . . . . . Fabnet Peak Effective % . | . . . . . Robots Rewired . | . . . . . Allies Hacked . | . . . . . Hacks Repelled . | . . . . . Allies | -11 -10 -10 -9 -8 -------- Run | Scr Mat Min Mat Mat Total Allies . | . . . . . Largest Group . | . . . . . Highest-Rated Group . | . . . . . Highest-Rated Ally . | . . . . . Total Orders . | . . . . . Ally Attacks . | . . . . . Total Damage . | . . . . . Kills . | . . . . . Allies Corrupted . | . . . . . Allies Melted . | . . . . . Intel | -11 -10 -10 -9 -8 ------- Run | Scr Mat Min Mat Mat Robot Analysis Total . | . . . . . Derelict Logs Recovered 1 | . . 1 . . Drone Launches . | . . . . . Drone Recoveries . | . . . . . Exploration | -11 -10 -10 -9 -8 ------------- Run | Scr Mat Min Mat Mat Turns Passed 1789 | 114 155 207 394 919 Spaces Moved 978 | 89 100 142 200 447 Core 39 | 19 . . 1 19 Treads 311 | . . . 73 238 Legs 628 | 70 100 142 126 190 Wheels . | . . . . . Hover . | . . . . . Flight . | . . . . . Fastest Speed 50 | 50 120 120 120 105 Average Speed 132 | 106 120 120 131 144 Slowest Speed 500 | 200 120 120 500 400 Overloaded Moves . | . . . . . Propulsion Burnouts . | . . . . . Robots Hopped . | . . . . . Cave-ins Triggered . | . . . . . Exploration Rate (%) 21 | 5 17 39 17 30 Regions Visited 4 Branch Regions 1 Pre-discovered Areas . | . . . . . Known Exits Taken . | . . . . . Unknown Exits Taken 4 | 1 1 1 1 . Scrap Searched . | . . . . . Spaces Dug . | . . . . . Terrain Destroyed 35 | . . 3 . 32 Melee . | . . . . . Projectile . | . . . . . AOE 35 | . . 3 . 32 Terrain Rammed . | . . . . . Walls Destroyed . | . . . . . Machines Disabled . | . . . . . Actions | -11 -10 -10 -9 -8 --------- Run | Scr Mat Min Mat Mat Total 1272 | 108 122 160 291 591 Wait 56 | . . . 37 19 Move 974 | 88 99 141 199 447 Hop . | . . . . . Pick Up 53 | 12 8 1 10 22 Fast Attach 12 | . 1 1 5 5 Attach 27 | 7 . 2 3 15 Detach . | . . . . . Swap 9 | . 1 1 5 2 Drop 28 | 1 5 3 11 8 Fire 107 | . 8 11 21 67 Melee . | . . . . . Ram . | . . . . . Kick 5 | . . . . 5 Crush 1 | . . . . 1 Escape Stasis . | . . . . . Rewire . | . . . . . Trap . | . . . . . Miscellaneous . | . . . . . Route ------- -11/Scrapyard -10/Materials -10/Mines -9/Materials (discovered 2 exits: *Mat / Sto) -8/Materials (discovered 3 exits: Fac x3) History --------- Turn | Location | Event 12 | -11/Scrapyard | Discovered new exit (range 16) 115 | -11/Scrapyard | Entered Materials 228 | -10/Materials | Discovered new exit (range 16) 270 | -10/Materials | Entered Mines 276 | -10/Mines | Met a Derelict who couldn't figure out how to use a Trap Extractor 322 | -10/Mines | Build established: Mutant 323 | -10/Mines | Discovered new exit (range 5) 477 | -10/Mines | Entered Materials 477 | -9/Materials | Evolved 2 slots: Propulsion x1, Utility x1 478 | -9/Materials | Identified exit to Storage 821 | -9/Materials | Discovered new exit (range 10) 871 | -9/Materials | Entered another Materials area 871 | -8/Materials | Evolved 2 slots: Propulsion x1, Utility x1 1242 | -8/Materials | Identified exit to Factory 1391 | -8/Materials | Core integrity fell below 50% 1412 | -8/Materials | Lost 9 parts (1p4n1u3w) 1581 | -8/Materials | Lost 5 parts (1p2n2w) 1768 | -8/Materials | Core integrity fell below 20% 1790 | -8/Materials | Destroyed by G-47 Trooper with Particle Gun Last Messages --------------- 01720_ T-07 Excavator is excavating. 01721_ Acquired Aluminum Leg. 01729_ Acquired Particle Gun. 01730_ Acquired 10 matter. 01732_ Acquired Lgt. Nuclear Core. 01734_ W-25 Informer sends out distress signal. 01735_ W-25 Informer knocked back. 01739_ Acquired 7 matter. 01740_ Com. Battery destroyed. 01740_ Critical hit (Burn: +37). 01747_ Kicked W-25 Informer. 01748_ Kicked W-25 Informer out of the way. 01769_ G-47 Trooper knocked back. 01773_ Critical hit (Burn: +37). 01775_ G-47 Trooper knocked back. 01776_ Aluminum Leg destroyed. 01779_ VSS Leg destroyed. 01786_ Aluminum Leg destroyed. 01789_ Critical hit (Burn: +37). 01790_ Lgt. Assault Rifle destroyed. Map ----- +----------------------------------------------------+ | ?????????????????????????????????????????????????? | | ?????????????????????????????????????????????????? | | ?????????????????????????????????????????????????? | | ?????????????????????????????????????????????????? | | ?????????????????????????????????????????????????? | | ????????????????????????????##???????????????????? | | ????????????????????????????? ???????????????????? | | ?????????????????????H?????##/########???????????? | | ???????????????????????????# #???????????? | | ???????????????????????????# #???????????? | | ???????????????????????????# #???????????? | | ???????????????????????????# #???????????? | | ???????????????#################+#####???????????? | | ???????????????# ## # # #?????????????? | | ???????????????#! """ """ ## # ###?????????????? | | ???????????????# """ ""R" ## # ###?????????????? | | ???????????????# """ "" " ## # ###?????????????? | | ???????????????#! ## # ###?????????????? | | ??????????????########+######### ###?????????????? | | ???????????+ #??????# #???????????????? | | ??????????????####### #??????# #???????????????? | | ????????????#######?# #??????# #???????????????? | | ????????????# #?# #??????# #???????????????? | | ????????????+ ### ###????#=#???????????????? | | ????????????# # gg #????# #?#######???????? | | ????????????# # g @###### ### #???????# | | ????????????# # g [ ######### | | ????????????# + T = | | ????????????# # [ ### ##### | | ????????????# % # ##;####### #?# #???# | | ????????##### % # # #?###+###?# #???? | | # ### %# ## ## """ #???????###+##### | | !T + ## ## """ #???????# | | # ### % # ## ## #???????# """"" | | ???????###+######### ## #???????# """"" / | | ???????# #????# ## #???????# """"" | | ???????# [###### ## #???????# """"" | | ???????#% """ + ## #???????# """"" | | ???????# """ ########+#+#########???????# """"" [ | | ???????# """ # #?????????# """"" | | ???????# # """ """ """ #?????????# | | ???????######## """ """ """ #?????????######### | | ??????????????# """ """ """ #???????????# | | ??????????????# ! #???????????# | | ??????????????# """ """ """ #???????????# | | ??????????????#= """ """ """ #???????????# ### | | ??????????????# """ """ """ #???????????# ???? | | ??????????????#! #???????????# ????? | | ??????????????##################???????????#?????? | | ?????????????????????????????????????????????????? | +----------------------------------------------------+ Best States ------------- Heat Dissipation 31 Energy Generation 14 Energy Capacity 325 Matter Stores 400 Matter Capacity 550 Sight Range 16 Terrain Scan Density 10 Armor Coverage 225 Evasion (%) 55 Targeting Accuracy 5 Recoil Reduction 4 Item Schematics ----------------- None Robot Schematics ------------------ None Fabricated ------------ Nothing Alien Tech Used ----------------- None Achievements -------------- None Challenges ------------ None Game ------ Seed CoreSalvageCleaver Manual? 0 Play Time 00:27:34 Cumulative 7.1 hours Start 2022.04.18 @ 14:08:43 End 2022.04.18 @ 14:33:07 Sessions 1 Manual Loads 0 Difficulty Rogue Special Mode None Game No. 7 Rogue 7 Adventurer 0 Explorer 0 Win Type - Total 0 Types 0/0/0/0/0/0/0/0/0 Lore% 3 Gallery% 16 Achievement% 14 Wizard Run 0 Options --------- ASCII 0 Keyboard 0 Movement Mouse Keybinds 0 Fullscreen 1 Font 18/SmallcapsGlow Map View 76x50 Tactical HUD 1 Map Filters NONE Filters NONE Steam 1 RUN: 373a18c3-4e03-4546-a666-9fdcd0aa174a